AoeStats
← Hitman88

Black Forest

510623498Analyzed
2v2 RM · 1d ago on Oct 1, 2026· 68m 50s· 4 players
Game mode
Random Map
Map size
Medium (4 player)
Population
200
Speed
Normal
Resources
Standard
Victory
Conquest
Starting age
Dark Age
Ending age
Imperial Age
RankedLock teamsTeams togetherTeam positionsShared explorationLock speedFull tech treeHidden civsTurbo modeCheats
Victory
Defeat
🇺🇸 Turks · United States
857
+16
🇺🇸 Khmer · United States
805
+18
870
-17
🇨🇴 Celts · Colombia
853
-17
Leeeroy__Jenkins
0:28 Loom
11:17 Feudal Age
11:48 Double-Bit Axe
15:49 Gold Mining
19:55 Castle Age
19:52 Stone Mining
19:54 Horse Collar
20:52 Bow Saw
21:45 Heavy Plow
24:28 Caravan
30:04 Fortified Wall
31:07 Wheelbarrow
30:18 Town Watch
34:01 Imperial Age
33:36 Gold Shaft Mining
33:40 Pikeman
34:06 Arson
34:25 Husbandry
34:36 Bloodlines
33:47 Light Cavalry
35:26 Scale Barding Armor
35:32 Forging
35:24 Scale Mail Armor
37:41 Iron Casting
37:32 Ballistics
37:08 Murder Holes
37:40 Devotion
37:58 Hand Cart
38:33 Double Crossbow
38:54 Conscription
38:16 Hussar
38:19 Halberdier
40:46 Crop Rotation
42:00 Siege Engineers
42:59 Blast Furnace
42:15 Chain Mail Armor
42:21 Chain Barding Armor
42:49 Tusk Swords
42:43 Cavalier
44:29 Masonry
50:45 Heavy Scorpion
56:41 Capped Ram
Hitman88
0:39 Loom
13:55 Feudal Age
19:44 Castle Age
18:57 Double-Bit Axe
19:17 Stone Mining
21:48 Bow Saw
22:56 Gold Mining
27:47 Gold Shaft Mining
33:15 Imperial Age
31:41 Treadmill Crane
32:22 Ballistics
33:18 Elite Janissary
34:01 Artillery
35:59 Conscription
36:42 Wheelbarrow
39:34 Hand Cart
41:21 Heavy Camel Rider
61:47 Thumb Ring
64:51 Caravan
65:22 Coinage
65:03 Guilds
65:04 Squires
65:12 Husbandry
radiotiempo.todoeltiempo
0:38 Loom
12:57 Feudal Age
13:46 Gold Mining
14:39 Stone Mining
15:07 Double-Bit Axe
15:56 Horse Collar
18:06 Wheelbarrow
22:23 Castle Age
21:25 Town Watch
24:20 Fervor
25:38 Hand Cart
25:24 Town Patrol
25:52 Bow Saw
27:17 Grand Trunk Road
27:39 Heavy Plow
29:21 Scale Barding Armor
33:53 Imperial Age
32:04 Redemption
32:02 Husbandry
32:18 Bloodlines
35:37 Chemistry
34:45 Siege Engineers
34:10 Heavy Camel Rider
35:02 Forging
37:24 Shatagni
38:10 Conscription
40:38 Two-Man Saw
42:01 Imperial Camel Rider
43:17 Iron Casting
43:03 Chain Barding Armor
42:45 Padded Archer Armor
46:20 Blast Furnace
47:44 Caravan
63:37 Plate Barding Armor
66:20 Leather Archer Armor
GenghisKhan't
0:28 Loom
15:50 Feudal Age
17:10 Double-Bit Axe
23:00 Castle Age
21:36 Wheelbarrow
21:53 Gold Mining
21:57 Stone Mining
24:24 Bow Saw
24:34 Caravan
25:52 Hand Cart
25:43 Horse Collar
26:44 Fletching
26:55 Padded Archer Armor
27:01 Town Watch
28:45 Murder Holes
29:01 Fortified Wall
31:16 Guard Tower
31:37 Heavy Plow
33:07 Gold Shaft Mining
34:04 Ballistics
39:42 Imperial Age
37:34 Stronghold
39:48 Town Patrol
41:38 Chemistry
40:18 Heavy Scorpion
41:20 Conscription
41:29 Furor Celtica
41:39 Elite Skirmisher
41:45 Elite Skirmisher
42:30 Onager
45:00 Masonry
45:46 Husbandry
48:22 Cavalier
Connection lost

Rejoining the realm…

Still unreachable

The connection could not be restored.

Session expired

The server has moved on; the page needs a fresh start.